 Dungeon Crawl Stone Soup version 0.20-a0-61-ga1b20b4 (webtiles) character file.

18839 dvd the Thaumaturge (level 12, -2/54 HPs)
             Began as a Felid Summoner on Nov 15, 2016.
             Was a High Priest of Sif Muna.
             Slain by a death knight
             ... wielding a +0 great mace
              (31 damage)
             ... on level 14 of the Dungeon on Nov 18, 2016.
             The game lasted 03:28:18 (35362 turns).

dvd the Thaumaturge (Felid Summoner)               Turns: 35362, Time: 03:28:18

Health: -2/54      AC:  3    Str:  5    XL:     12   Next: 31%
Magic:  27/29      EV: 20    Int: 21    God:    Sif Muna [*****.]
Gold:   969        SH:  3    Dex: 16    Spells: 10 memorised, 0 levels left
                                        Lives:  0   Deaths: 3

rFire  . . .     SeeInvis +       - Unarmed
rCold  + . .     Gourm    .     (armour unavailable)
rNeg   + . .     Faith    .     (shield unavailable)
rPois  .         Spirit   .     (helmet unavailable)
rElec  .         Reflect  +     (cloak unavailable)
rCorr  .         Harm     .     (gloves unavailable)
MR     +....                    (boots unavailable)
Stlth  +++++.....               u - +3 amulet of reflection
                                F - ring of positive energy
                                H - ring of wizardry

@: very slightly contaminated, hasted and slowed, quick
A: no armour, no weapons or thrown items, stealth, claws 1, fangs 3, see
invisible, carnivore 3, speed 1, shaggy fur 3, slow metabolism 1, sharp paws
a: Divine Energy, Channel Magic, Forget Spell, Renounce Religion


You were on level 14 of the Dungeon.
You worshipped Sif Muna.
Sif Muna was extremely pleased with you.
You were very full.

You visited 4 branches of the dungeon, and saw 23 of its levels.
You visited 1 bazaar.

You collected 1587 gold pieces.
You spent 618 gold pieces at shops.

Inventory:

Jewellery
 f - a +1 ring of evasion
 u - a +3 amulet of reflection (around neck)
 z - an uncursed ring of flight
 F - a ring of positive energy (right paw)
 G - an uncursed ring of ice
 H - a ring of wizardry (left paw)
Wands
 d - a wand of confusion (20/48)
 j - a wand of confusion (14/48)
 k - a wand of digging (5/24)
 o - a wand of iceblast (4/15)
 p - a wand of hasting (5/9)
 x - a wand of flame (25/48)
 D - a wand of disintegration (6/24)
 L - a wand of digging (12/24)
 M - a wand of confusion (25/48)
 P - a wand of paralysis (7/24)
 U - a wand of iceblast (6/15)
 W - a wand of iceblast (10/15)
Scrolls
 g - 4 scrolls of remove curse
 h - 3 scrolls of fear
 i - 10 scrolls of identify
 l - a scroll of amnesia
 t - 8 scrolls of teleportation
 I - a scroll of blinking
 R - a scroll of recharging
Potions
 e - 4 potions of might
 n - 5 potions of agility
 q - 4 potions of magic
 r - 3 potions of flight
 w - 3 potions of cure mutation
 A - 12 potions of curing
 B - a potion of haste
 C - a potion of resistance
 X - a potion of heal wounds
Books
 a - a book of Callings

   Spells                             Type                      Level
   a - Summon Small Mammal            Summoning                    1
   b - Call Imp                       Summoning                    2
   c - Call Canine Familiar           Summoning                    3
   d - Summon Guardian Golem          Hexes/Summoning              3
   e - Summon Lightning Spire         Summoning/Air                4
   f - Summon Ice Beast               Ice/Summoning                4
 v - a book of Changes

   Spells                             Type                      Level
   a - Beastly Appendage              Transmutation                1
   b - Sticks to Snakes               Transmutation                2
   c - Spider Form                    Transmutation/Poison         3
   d - Ice Form                       Ice/Transmutation            4
   e - Blade Hands                    Transmutation                5
 y - Sif Muna's Foundations of Thaumaturgy
   (Sif Muna gifted it to you on level 1 of the Lair of Beasts)

   Spells                             Type                      Level
   a - Regeneration                   Charms/Necromancy            3
   b - Dazzling Spray                 Conjuration/Hexes            3
   c - Mephitic Cloud                 Conjuration/Poison/Air       3
   d - Gell's Gravitas                Hexes/Translocation          3
   e - Lesser Beckoning               Translocation                3
 E - Ciynul's Tome of Shifting Conjuration
   (Sif Muna gifted it to you on level 12 of the Dungeon)

   Spells                             Type                      Level
   a - Sting                          Conjuration/Poison           1
   b - Throw Frost                    Conjuration/Ice              2
   c - Bolt of Draining               Conjuration/Necromancy       5
   d - Irradiate                      Conjuration/Transmutation    5
 K - a book of Maledictions

   Spells                             Type                      Level
   a - Corona                         Hexes                        1
   b - Ensorcelled Hibernation        Hexes/Ice                    2
   c - Confuse                        Hexes                        3
   d - Tukima's Dance                 Hexes                        3
   e - Dazzling Spray                 Conjuration/Hexes            3
 N - a book of Power

   Spells                             Type                      Level
   a - Fulminant Prism                Conjuration/Hexes            4
   b - Iskenderun's Mystic Blast      Conjuration                  4
   c - Venom Bolt                     Conjuration/Poison           5
   d - Bolt of Magma                  Conjuration/Fire/Earth       5
   e - Iron Shot                      Conjuration/Earth            6
   f - Orb of Destruction             Conjuration                  7
   g - Spellforged Servitor           Conjuration/Summoning        7
 O - Ahucwaig's Compendium of the Frigorific Escort
   (Sif Muna gifted it to you on level 13 of the Dungeon)

   Spells                             Type                      Level
   a - Summon Butterflies             Summoning                    1
   b - Summon Small Mammal            Summoning                    1
   c - Metabolic Englaciation         Hexes/Ice                    5
   d - Summon Forest                  Summoning/Translocation      5
   e - Ozocubu's Refrigeration        Ice                          6
   f - Monstrous Menagerie            Summoning                    7
 S - Sif Muna's Collected Works on Battle Magic
   (Sif Muna gifted it to you on level 1 of the Orcish Mines)

   Spells                             Type                      Level
   a - Stone Arrow                    Conjuration/Earth            3
   b - Mephitic Cloud                 Conjuration/Poison/Air       3
   c - Throw Icicle                   Conjuration/Ice              4
   d - Iskenderun's Battlesphere      Conjuration/Charms           5
   e - Bolt of Magma                  Conjuration/Fire/Earth       5
Miscellaneous
 J - a lamp of fire
 Q - a lamp of fire
 T - a sack of spiders
Comestibles
 b - 9 meat rations
 c - a slice of pizza
 m - 3 beef jerkies
 s - 13 royal jellies


   Skills:
 * Level 7.4 Fighting
 + Level 4.4 Dodging
 + Level 10.4 Stealth
 + Level 4.5 Unarmed Combat
 + Level 12.4 Spellcasting
 + Level 0.5 Conjurations
 + Level 7.2 Hexes
 + Level 2.2 Charms
 + Level 12.4 Summonings
 + Level 1.8 Necromancy
   Level 2.5 Transmutations
 + Level 6.8 Ice Magic
 + Level 5.7 Air Magic
 + Level 1.5 Invocations
 + Level 1.3 Evocations


You couldn't memorise any spells.
You knew the following spells:

 Your Spells              Type           Power        Failure   Level  Hunger
a - Regeneration          Chrm/Necr      ###.......   4%          3    None
b - Monstrous Menagerie   Summ           ######....   12%         7    #######
c - Call Canine Familiar  Summ           ######..     1%          3    None
e - Summon Ice Beast      Ice/Summ       ######..     1%          4    None
f - Summon Lightning Spi  Summ/Air       ######..     1%          4    None
g - Dazzling Spray        Conj/Hex       ####..       1%          3    None
h - Summon Guardian Gole  Hex/Summ       ######..     1%          3    None
i - Confuse               Hex            #####...     1%          3    None
j - Ensorcelled Hibernat  Hex/Ice        #####.       1%          2    None
k - Tukima's Dance        Hex            #####...     1%          3    None


Dungeon Overview and Level Annotations

Branches:
Dungeon (14/15)            Temple (1/1) D:5            Lair (6/6) D:11
 Shoals (0/4) Lair:3       Spider (0/4) Lair:4        Slime (0/5) Lair:5
    Orc (2/2) D:10            Elf (0/3) Orc:2
 Vaults: D:13-14

Altars:
Ashenzari
Cheibriados
Dithmenos
Elyvilon
Fedhas
Gozag
Hepliaklqana
Kikubaaqudgha
Makhleb
Nemelex Xobeh
Okawaru
Qazlal
Ru
Sif Muna
Trog
Uskayaw
Vehumet
Xom
Yredelemnul
Zin
The Shining One
Beogh
Jiyva

Shops:
Orc:2 %[*!

Portals:
Trove: D:12 (give 6 potions of agility)

Annotations:
Lair:2 exclusion: oklob plant


Innate Abilities, Weirdness & Mutations

You cannot wear armour.
You are incapable of wielding weapons or throwing items.
Your paws allow you to move quietly. (Stealth)
You have sharp claws.
You have razor-sharp teeth.
You have supernaturally acute eyesight. (SInv)
You are carnivorous and can eat meat at any time.
You cover ground quickly.
Your thick and shaggy fur keeps you warm. (AC +3, rC+)
You have a slow metabolism.
Your sharp claws are effective at attacking unaware monsters.


Message History

The death knight hits your lightning spire with a great mace! x2
Unknown command.
Your lightning spire shoots out a bolt of lightning at the death knight!
The bolt of electricity hits the death knight.
The bolt of electricity hits the freezing wraith. x2
The bolt of electricity hits the death knight.
Your lightning spire suffers a backlash!
The death knight hits your lightning spire with a great mace!!
Your lightning spire is destroyed!
The death knight's dark mirror aura disappears.
Evoke which item? (* to show all) (? for menu, Esc to quit)
Zapping:
k - a wand of digging (6/24)
Press: ? - help, Shift-Dir - straight line The rock shatters into small pieces.
This wand has 5 charges left.
Unknown command.
You feel yourself speed up.
The death knight hits you with a great mace!
The death knight hits you with a great mace!!
Ouch! That really hurt!
You die...

########## #.@......#
#p######## . #W# ..#
#...a##### #W#
#..##....##### #.#
#........#####
#.#####..a....#####
##.##...............
#..###W.............
#.#.##.pW............


You could see a death knight, a freezing wraith and a wraith.

Vanquished Creatures
  A centaur warrior (D:13)
  A black mamba (Lair:5)
  2 spiny frogs
  A two-headed ogre (Orc:2)
  2 dream sheep (Lair:5)
  5 blink frogs
  2 yaks
  2 wyverns
  A soldier ant (D:13)
  5 water moccasins
  2 porcupines
  9 orc warriors
  4 ogres
  A centaur (D:12)
  A crocodile (Lair:5)
  6 bullfrogs
  A wight (D:13)
  A howler monkey (D:12)
  2 electric eels (Lair:3)
  2 crimson imps
  A hound (D:13)
  An orc priest (Orc:2)
  2 bullfrog skeletons
  3 iguanas
  A worker ant (D:6)
  2 orc wizards (Orc:2)
  A hound skeleton (D:8)
  2 adders
  2 oozes (D:11)
  An adder skeleton (D:7)
  5 leopard geckos
  30 orcs
  3 bats
  A giant cockroach (D:8)
  3 jackals (D:7)
  3 kobolds
  A quokka (D:8)
  A frilled lizard (D:3)
  A quokka zombie (D:5)
  3 rats
  A plant (D:11)
119 creatures vanquished.

Vanquished Creatures (collateral kills)
  An orc warlord (Orc:2)
  Snorg (Lair:5)
  Fannar (D:12)
  8 hydras
  A centaur warrior (D:13)
  A death knight (D:13)
  16 death yaks
  5 orc high priests
  Sonja (D:12)
  Urug (D:10)
  A skeletal warrior (D:13)
  The ghost of KristoblXynda the Martial Artist, a novice DsMo of Ashenzari (D:8)
  A lindwurm (Lair:6)
  5 orc knights
  2 hill giants (D:13)
  3 ugly things
  5 orc sorcerers (Orc:2)
  3 merfolk sirens (Lair:3)
  A black mamba (Lair:4)
  10 elephants
  Joseph (D:10)
  11 spiny frogs
  2 gargoyles
  2 rime drakes
  2 freezing wraiths (D:13)
  A kobold demonologist (D:12)
  5 komodo dragons
  A polar bear (Lair:3)
  6 trolls
  A meliai (shapeshifter) (D:13)
  A merfolk (Lair:3)
  A two-headed ogre (Orc:2)
  5 dream sheep
  A slime creature (D:11)
  10 blink frogs
  6 hippogriffs
  2 wyverns
  50 yaks
  A basilisk (Lair:1)
  2 hungry ghosts
  3 wargs
  9 water moccasins
  10 porcupines
  43 orc warriors
  7 sky beasts
  3 black bears
  5 ice beasts
  2 phantoms
  2 necrophages
  3 eyes of draining
  17 ogres
  9 centaurs
  7 crocodiles
  6 big kobolds
  12 bullfrogs
  2 scorpions
  A water moccasin skeleton (D:6)
  14 wights
  4 howler monkeys
  An electric eel (Lair:4)
  5 crimson imps
  5 hounds
  2 bullfrog zombies (D:8)
  4 centaur skeletons
  6 jellies
  38 orc priests
  3 bullfrog skeletons
  27 orc wizards
  3 iguanas
  4 worker ants
  A hound zombie (D:5)
  A hound skeleton (D:4)
  A worker ant zombie (D:7)
  9 gnolls
  A howler monkey skeleton (D:11)
  8 adders
  3 oozes (D:11)
  5 worms
  7 leopard geckos
  87 orcs
  A giant cockroach (D:3)
  4 goblins
  4 hobgoblins
  A quokka (D:12)
  A ball python (D:5)
  A bat (D:2)
  2 frilled lizards
  12 kobolds
  A leopard gecko skeleton (D:8)
  A leopard gecko zombie (D:6)
  3 rats (D:2)
  A fungus (Lair:4)
  3 plants
594 creatures vanquished.

Vanquished Creatures (others)
  4 dancing weapons
  3 humans (D:13)
  2 orc wizards
  An orc (Orc:1)
  9 fungi
  8 plants
27 creatures vanquished.

Grand Total: 740 creatures vanquished

Notes
Turn   | Place    | Note
-------+----------+-------------------------------------------
     0 | D:1      | dvd the Felid Summoner began the quest for the Orb.
     0 | D:1      | Reached XP level 1. HP: 7/7 MP: 4/4
   821 | D:2      | Found a blossoming altar of Fedhas.
   870 | D:2      | Reached XP level 2. HP: 11/11 MP: 3/6
   898 | D:2      | Learned a level 2 spell: Call Imp
  1121 | D:2      | Found a deep blue altar of Sif Muna.
  1129 | D:2      | Became a worshipper of Sif Muna the Loreminder
  1283 | D:2      | Found a faded altar of an unknown god.
  1283 | D:2      | Found a faded altar of an unknown god.
  1304 | D:2      | Found a faded altar of an unknown god.
  1308 | D:2      | Found a sparkling altar of Nemelex Xobeh.
  1310 | D:2      | Found a faded altar of an unknown god.
  1454 | D:2      | Found a burning altar of Makhleb.
  1455 | D:2      | Noticed a balrug
  1588 | D:2      | Found a hazy altar of Hepliaklqana.
  1589 | D:2      | Found an opulent altar of Gozag.
  2088 | D:3      | Reached XP level 3. HP: 3/14 MP: 2/7
  2469 | D:3      | Learned a level 3 spell: Call Canine Familiar
  2585 | D:3      | Noticed an eye of draining
  2610 | D:3      | Noticed an eye of draining
  2618 | D:3      | Killed an eye of draining
  2618 | D:3      | Reached XP level 4. HP: 18/18 MP: 0/9
  2750 | D:3      | Killed an eye of draining
  3018 | D:3      | Reached XP level 5. HP: 21/21 MP: 5/11
  3192 | D:3      | Found an iron altar of Okawaru.
  3202 | D:3      | Reached skill level 5 in Summonings
  3252 | D:3      | Found a faded altar of an unknown god.
  3419 | D:3      | Found a bloodstained altar of Trog.
  3557 | D:4      | Noticed a phantom
  3649 | D:4      | Killed a phantom
  4064 | D:4      | Reached * piety under Sif Muna
  4310 | D:4      | Learned a level 1 spell: Beastly Appendage
  4321 | D:4      | Gained mutation: You are covered in thick fur. (AC +2) [Felid growth]
  4321 | D:4      | Reached XP level 6. HP: 24/24 MP: 13/13
  4390 | D:5      | Entered Level 5 of the Dungeon
  4574 | D:5      | Found a radiant altar of Vehumet.
  4750 | D:5      | Found a sparkling altar of Nemelex Xobeh.
  4809 | D:5      | Reached skill level 1 in Unarmed Combat
  5027 | D:5      | Found a staircase to the Ecumenical Temple.
  5086 | D:5      | Found a glowing golden altar of the Shining One.
  5170 | Temple   | Entered the Ecumenical Temple
  5310 | D:5      | Found a stormy altar of Qazlal.
  5464 | D:6      | Reached skill level 1 in Transmutations
  5464 | D:6      | Reached XP level 7. HP: 27/27 MP: 8/15
  5540 | D:6      | Reached skill level 5 in Spellcasting
  5549 | D:6      | Learned a level 4 spell: Summon Ice Beast
  5554 | D:6      | Learned a level 4 spell: Ice Form
  5936 | D:6      | Reached ** piety under Sif Muna
  6850 | D:6      | Reached skill level 1 in Ice Magic
  6950 | D:6      | Learned a level 4 spell: Summon Lightning Spire
  7648 | D:7      | Reached XP level 8. HP: 28/31 MP: 13/17
  7989 | D:7      | Reached skill level 5 in Stealth
  8199 | D:7      | Gained mutation: You expend magic power (3 MP) to strengthen your wands. [potion of mutation]
  8199 | D:7      | Gained mutation: You are resistant to hostile enchantments. (MR+) [potion of mutation]
  8199 | D:7      | Gained mutation: You are dopey. (Int -2) [potion of mutation]
  8200 | D:7      | Lost mutation: You are dopey. (Int -2) [potion of cure mutation]
  8200 | D:7      | Lost mutation: You expend magic power (3 MP) to strengthen your wands. [potion of cure mutation]
  8200 | D:7      | Lost mutation: You are resistant to hostile enchantments. (MR+) [potion of cure mutation]
  8274 | D:8      | Noticed KristoblXynda's ghost (novice DsMo)
  8323 | D:8      | Killed KristoblXynda's ghost
  8323 | D:8      | Reached skill level 1 in Air Magic
  8650 | D:8      | Noticed a hippogriff
  8659 | D:8      | Killed a hippogriff
  8889 | D:8      | Reached *** piety under Sif Muna
  9234 | D:8      | Noticed a hippogriff
  9247 | D:8      | Killed a hippogriff
  9247 | D:8      | Reached XP level 9. HP: 22/34 MP: 11/20
 10018 | D:9      | Found a shattered altar of Ashenzari.
 10538 | D:10     | Entered Level 10 of the Dungeon
 10553 | D:10     | Reached **** piety under Sif Muna
 10697 | D:10     | Found a staircase to the Orcish Mines.
 11153 | D:10     | Noticed Joseph
 11165 | D:10     | Killed Joseph
 11699 | D:10     | Noticed Urug
 11736 | D:10     | Killed Urug
 11874 | D:10     | Reached XP level 10. HP: 37/37 MP: 16/23
 12211 | D:11     | Reached skill level 1 in Fighting
 12696 | D:11     | Noticed a gargoyle
 12708 | D:11     | Killed a gargoyle
 12917 | D:11     | Found a staircase to the Lair.
 13115 | D:11     | Reached ***** piety under Sif Muna
 13484 | Lair:1   | Entered Level 1 of the Lair of Beasts
 13489 | Lair:1   | Noticed a four-headed hydra
 13506 | Lair:1   | Killed a four-headed hydra
 13506 | Lair:1   | Identified Sif Muna's Foundations of Thaumaturgy (Sif Muna gifted it to you on level 1 of the Lair of Beasts)
 13506 | Lair:1   | Received a gift from Sif Muna
 13512 | Lair:1   | Learned a level 3 spell: Dazzling Spray
 14543 | Lair:1   | Noticed a spiny frog
 14555 | Lair:1   | Killed a spiny frog
 14656 | Lair:1   | Reached XP level 11. HP: 41/46 MP: 4/25
 15260 | Lair:1   | Learned a level 3 spell: Regeneration
 15294 | Lair:2   | Noticed an oklob plant
 15372 | Lair:2   | Reached skill level 10 in Summonings
 15376 | Lair:2   | Noticed a death yak
 15377 | Lair:2   | Noticed a death yak
 15377 | Lair:2   | Noticed a death yak
 15377 | Lair:2   | Noticed a death yak
 15378 | Lair:2   | Noticed a death yak
 15378 | Lair:2   | Noticed a death yak
 15821 | Lair:2   | Reached skill level 1 in Hexes
 16097 | Lair:2   | Killed a death yak
 16742 | Lair:2   | Reached skill level 5 in Ice Magic
 17657 | Lair:2   | Killed a death yak
 17657 | Lair:2   | Reached skill level 5 in Fighting
 17695 | Lair:2   | Killed a death yak
 17857 | Lair:2   | Noticed an eight-headed hydra
 17864 | Lair:2   | Killed an eight-headed hydra
 17864 | Lair:2   | Reached skill level 10 in Spellcasting
 17887 | Lair:2   | Killed a death yak
 18222 | Lair:2   | Killed a death yak
 18511 | Lair:2   | Killed a death yak
 18772 | Lair:2   | Learned a level 3 spell: Summon Guardian Golem
 19000 | Lair:3   | Noticed an eight-headed hydra
 19009 | Lair:3   | Mangled by an eight-headed hydra
 19010 | Lair:3   | Reached XP level 10. HP: -11/45 MP: 11/25
 19231 | D:12     | Noticed a red ugly thing
 19244 | D:12     | Killed a red ugly thing
 19387 | D:12     | Noticed Sonja
 19393 | D:12     | Killed Sonja
 19393 | D:12     | Identified Ciynul's Tome of Shifting Conjuration (Sif Muna gifted it to you on level 12 of the Dungeon)
 19393 | D:12     | Received a gift from Sif Muna
 19393 | D:12     | Reached XP level 11. HP: 48/48 MP: 10/26
 19574 | D:12     | Upgraded the game from 0.20-a0-51-g027d3fc to 0.20-a0-61-ga1b20b4
 19582 | D:12     | Noticed Fannar
 19673 | D:12     | Killed Fannar
 20100 | D:12     | Noticed a green ugly thing
 20117 | D:12     | Killed a green ugly thing
 20332 | D:12     | Found a portal to a secret trove of treasure.
 20434 | Orc:1    | Entered Level 1 of the Orcish Mines
 20439 | Orc:1    | Noticed an orc knight
 20611 | Orc:1    | Noticed an orc knight
 20947 | D:13     | Noticed a death knight
 21136 | D:13     | Noticed a seven-headed hydra
 21148 | D:13     | Killed a seven-headed hydra
 21348 | D:13     | Noticed a hill giant
 21384 | D:13     | Killed a hill giant
 21540 | D:13     | Noticed a death yak
 21542 | D:13     | Noticed a death yak
 21542 | D:13     | Noticed a death yak
 21542 | D:13     | Noticed a death yak
 21542 | D:13     | Noticed a death yak
 21780 | D:13     | Found a gateway to a bazaar.
 21790 | Bazaar   | Entered a bazaar
 21802 | Bazaar   | Found Qanoic's Weapon Emporium.
 21802 | Bazaar   | Found Gogabey's Food Emporium.
 21839 | Bazaar   | Found Fempoblyf's Magic Scroll Shoppe.
 21839 | Bazaar   | Found Monym's Distillery.
 21859 | Bazaar   | Bought a potion of curing for 36 gold pieces
 21859 | Bazaar   | Bought a potion of curing for 36 gold pieces
 21859 | Bazaar   | Bought a potion of curing for 36 gold pieces
 21859 | Bazaar   | Bought a potion of curing for 36 gold pieces
 21872 | Bazaar   | Bought 3 scrolls of blinking for 270 gold pieces
 21872 | Bazaar   | Bought a scroll of teleportation for 36 gold pieces
 21979 | D:13     | Learned a level 3 spell: Confuse
 21988 | D:13     | Noticed a centaur warrior
 21997 | D:13     | Killed a centaur warrior
 22225 | D:13     | Learned a level 2 spell: Ensorcelled Hibernation
 22268 | D:13     | Killed a death yak
 22372 | D:13     | Noticed a death yak
 22374 | D:13     | Noticed a death yak
 22404 | D:13     | Noticed a death yak
 22405 | D:13     | Noticed a death yak
 22409 | D:13     | Noticed a death yak
 22572 | D:13     | Noticed a centaur warrior
 22587 | D:13     | Killed a centaur warrior
 23107 | D:13     | Noticed a cyan ugly thing
 23328 | D:13     | Noticed a hill giant
 23338 | D:13     | Killed a hill giant
 23360 | D:13     | Killed a death knight
 23537 | D:13     | Reached skill level 1 in Charms
 23548 | D:13     | Learned a level 3 spell: Tukima's Dance
 23625 | D:13     | Killed a death yak
 23651 | D:13     | Killed a death yak
 23653 | D:13     | Killed a death yak
 23674 | D:13     | Killed a death yak
 23687 | D:13     | Killed a cyan ugly thing
 23902 | D:13     | Gained mutation: Your thick and shaggy fur keeps you warm. (AC +3, rC+) [Felid growth]
 23902 | D:13     | Reached XP level 12. HP: 53/53 MP: 8/28
 23940 | D:13     | Killed a death yak
 23941 | D:13     | Killed a death yak
 23942 | D:13     | Identified Ahucwaig's Compendium of the Frigorific Escort (Sif Muna gifted it to you on level 13 of the Dungeon)
 23942 | D:13     | Received a gift from Sif Muna
 23947 | D:13     | Killed a death yak
 23952 | D:13     | Killed a death yak
 23952 | D:13     | Reached skill level 5 in Air Magic
 23952 | D:13     | Reached skill level 1 in Invocations
 23960 | D:13     | Killed a death yak
 23960 | D:13     | Reached skill level 5 in Hexes
 24479 | Lair:3   | Noticed a five-headed hydra
 24496 | Lair:3   | Killed a five-headed hydra
 24503 | Lair:3   | Killed an eight-headed hydra
 24622 | Lair:3   | Found a staircase to the Shoals.
 24628 | Lair:3   | Slain by a merfolk
 24629 | Lair:3   | Reached XP level 11. HP: -3/49 MP: 18/27
 25371 | Lair:4   | Noticed a six-headed hydra
 25743 | Lair:4   | Reached skill level 1 in Necromancy
 26212 | Lair:4   | Killed a six-headed hydra
 26382 | Lair:4   | Found a hole to the Spider Nest.
 27793 | Lair:5   | Noticed Snorg
 27802 | Lair:5   | Killed Snorg
 27802 | Lair:5   | Reached XP level 12. HP: 53/53 MP: 12/28
 28054 | Lair:5   | Found a viscous altar of Jiyva.
 28055 | Lair:5   | Found a staircase to the Slime Pits.
 28139 | Lair:5   | You fall through a shaft!
 28139 | Lair:6   | Entered Level 6 of the Lair of Beasts
 28559 | Lair:5   | Noticed an eight-headed hydra
 28567 | Lair:5   | Killed an eight-headed hydra
 29205 | Lair:6   | Noticed a dire elephant
 29320 | Lair:5   | Noticed an eight-headed hydra
 29330 | Lair:5   | Killed an eight-headed hydra
 29751 | Orc:1    | Reached skill level 10 in Stealth
 30037 | Orc:1    | Identified Sif Muna's Collected Works on Battle Magic (Sif Muna gifted it to you on level 1 of the Orcish Mines)
 30037 | Orc:1    | Received a gift from Sif Muna
 30068 | Orc:1    | Learned a level 7 spell: Monstrous Menagerie
 30418 | Orc:2    | Entered Level 2 of the Orcish Mines
 31035 | Orc:2    | Found Fuvyututi's Food Emporium.
 31281 | Orc:2    | Found a roughly hewn altar of Beogh.
 31303 | Orc:2    | Found Veunacio's Armour Shoppe.
 31605 | Orc:2    | Killed from afar by an orc sorcerer
 31606 | Orc:2    | Reached XP level 11. HP: 0/49 MP: 23/28
 32049 | Orc:2    | Noticed a sun demon
 32057 | Orc:2    | Killed an orc sorcerer
 32072 | Orc:2    | Killed an orc knight
 32359 | Orc:2    | Noticed an orc warlord
 32373 | Orc:2    | Killed an orc warlord
 32400 | Orc:2    | Noticed an orc high priest
 32748 | Orc:2    | Found a roughly hewn altar of Beogh.
 32778 | Orc:2    | Noticed an orc high priest
 33051 | Orc:2    | Found Micwiel's Distillery.
 33056 | Orc:2    | Killed an orc high priest
 33072 | Orc:2    | Bought a potion of heal wounds for 60 gold pieces
 33072 | Orc:2    | Bought a potion of heal wounds for 60 gold pieces
 33072 | Orc:2    | Bought a potion of agility for 48 gold pieces
 33178 | Orc:2    | Found Jyeqog's General Store.
 33180 | Orc:2    | Noticed an orc high priest
 33389 | Orc:2    | Reached XP level 12. HP: 49/54 MP: 20/29
 33425 | Orc:2    | Found a staircase to the Elven Halls.
 33578 | Orc:2    | Reached skill level 1 in Evocations
 33779 | Orc:2    | Killed an orc high priest
 33883 | Orc:2    | Noticed an orc high priest
 33895 | Orc:2    | Killed an orc high priest
 34023 | Orc:2    | Killed an orc high priest
 34721 | Orc:1    | Noticed an orc high priest
 34961 | Orc:1    | Killed an orc high priest
 35201 | D:14     | Noticed a tengu warrior
 35201 | D:14     | Noticed a death knight
 35362 | D:14     | Slain by a death knight

Vault maps used:
D:1:      minmay_arrival_radiant_lines
D:2:      lemuel_crystal_altar, makhleb_altar_promises_db,
          gammafunk_temple_overflow_pools, nicolae_overflow_crystal_walls,
          chequers_temple_overflow_minitemple
D:3:      okawaru_gym_becter, ecumenical_altar_2, trog_eyes_of_draining
D:5:      lemuel_round_altar, nicolae_qazlal_eye_of_the_storm,
          vehumet_altar_wand_db, first_bread, basic_altar
D:6:      minivault_24, grunt_tough_drop
D:9:      ashenzari_altar_1
D:10:     orc_0_dummy, uniq_urug, uniq_joseph
D:11:     david_lair_shrubbed, hangedman_little_slice_of_home
D:12:     nicolae_trove_entry_crystal, kennysheep_generic_room_12, uniq_fannar,
          uniq_sonja
D:13:     slaughterhouse, serial_shops, bzr_entry_safe
D:14:     grunt_vaults_entry_tiered
Temple:   compressed_dpeg_circular_temple
Lair:1:   st_stairs_11, lemuel_old_faithful
Lair:2:   beast_lair_carwin_3, grunt_megastairs_3
Lair:3:   elwin_shoals_entry_stream, guppyfry_lair_drakes
Lair:4:   dummy_spider_entry, infiniplex_staircase_pool, grunt_megastairs_5
Lair:5:   slime_altar_1, minmay_stone_trees_medium, lemuel_fruit_fields,
          grunt_megastairs_4, uniq_snorg
Lair:6:   guppyfry_lair_end_dragon, hangedman_lair_in_review,
          lemuel_fruit_fields
Orc:2:    pubby_orc_utopia, serial_shops
Bazaar:   grunt_bazaar_doublecross

Skill      XL: |  1  2  3  4  5  6  7  8  9 10 11 12 |
---------------+-------------------------------------+-----
Stealth        | 3 4 6 8 10 | 10.4
Spellcasting   | 3 4 5 6 8 9 11 12 | 12.4
Summonings     | 5 6 7 9 12 | 12.4
Dodging        | 3 4 |  4.4
Unarmed Combat | 1 2 3 4 |  4.5
Transmutations | 1 2 |  2.5
Ice Magic      | 1 2 3 4 5 6 |  6.8
Air Magic      | 1 2 3 4 5 |  5.7
Fighting       | 4 7 |  7.4
Hexes          | 7 6 |  7.2
Charms         | 1 2 |  2.2
Invocations    | 1 |  1.5
Necromancy     | 1 |  1.8
Evocations     | 1 |  1.3
Conjurations   | |  0.5

Action                   |  1- 3 |  4- 6 |  7- 9 | 10-12 || total
-------------------------+-------+-------+-------+-------++-------
Melee: Unarmed           |    22 |    40 |    83 |   309 ||   454
       Bite              |     1 |     3 |     6 |    31 ||    41
       Headbutt          |       |     2 |     5 |     6 ||    13
       Punch             |       |       |       |     5 ||     5
 Cast: Summon Small Mamm |    30 |     8 |     4 |     1 ||    43
       Call Imp          |    22 |    44 |    17 |     3 ||    86
       Call Canine Famil |     1 |    25 |    29 |    39 ||    94
       Beastly Appendage |       |     4 |    11 |    13 ||    28
       Summon Ice Beast  |       |       |    55 |   227 ||   282
       Summon Lightning  |       |       |    34 |   270 ||   304
       Dazzling Spray    |       |       |       |    40 ||    40
       Regeneration      |       |       |       |    52 ||    52
       Confuse           |       |       |       |    54 ||    54
       Ensorcelled Hiber |       |       |       |    47 ||    47
       Tukima's Dance    |       |       |       |    28 ||    28
       Monstrous Menager |       |       |       |    26 ||    26
       Summon Guardian G |       |       |       |     3 ||     3
Invok: Divine Energy     |       |       |     2 |    14 ||    16
       Stop Divine Energ |       |       |     2 |    14 ||    16
       Channel Magic     |       |       |       |     3 ||     3
Evoke: Wand              |       |       |       |    21 ||    21
  Use: Scroll            |       |       |    13 |    21 ||    34
       Potion            |       |       |    13 |     4 ||    17
 Stab: Sleeping          |     4 |     6 |    15 |    60 ||    85
       Distracted        |       |     1 |     1 |     5 ||     7
       Confused          |       |       |       |    15 ||    15
       Invisible         |       |       |       |     1 ||     1
  Eat: Chunk             |    11 |     9 |    25 |    93 ||   138
Armor: Skin              |       |     2 |     4 |    14 ||    20
Dodge: Dodged            |    24 |    35 |    72 |   249 ||   380
Block: Other             |       |     1 |    10 |    36 ||    47
       Reflection        |       |       |     1 |     4 ||     5
